 Dungeon Crawl Stone Soup version 0.28-a0-580-ga2639ab843 (webtiles) character file.

Game seed: 6669926383647955098

65 kipponium the Stinger (level 3, -5/24 HPs)
             Began as a Demonspawn Venom Mage on Oct 2, 2021.
             Killed from afar by Ijyb (11 damage)
             ... with an iceblast
             ... on level 3 of the Dungeon.
             The game lasted 00:14:10 (2275 turns).

kipponium the Stinger (Demonspawn Venom Mage)       Turns: 2275, Time: 00:14:11

Health: -5/24      AC:  5    Str:  8    XL:     3   Next: 92%
Magic:  2/6        EV: 12    Int: 17    God:
Gold:   70         SH:  0    Dex: 13    Spells: 0/6 levels left

rFire   . . .      SeeInvis .   h - +0 dagger (freeze)
rCold   . . .      Faith    .   (no shield)
rNeg    . . .      Spirit   .   a - +0 robe
rPois   .          Reflect  .   (helmet restricted)
rElec   .          Harm     .   (no cloak)
rCorr   .          Rampage  .   (no gloves)
Will    .....                   e - +2 pair of boots
Stlth   ++........              (no amulet)
HPRegen 0.08/turn               (no ring)
MPRegen 0.10/turn               (no ring)

@: no status effects
A: horns 1, talons 1
a: no special abilities


You were on level 3 of the Dungeon.
You visited 1 branch of the dungeon, and saw 3 of its levels.

You collected 70 gold pieces.

Inventory:

Hand Weapons
 h - a +0 dagger of freezing (weapon)
Armour
 a - a +0 robe (worn)
 e - a +2 pair of boots (worn)
Jewellery
 d - a ring of willpower
 i - a +4 ring of slaying
 l - a ring of poison resistance
Scrolls
 b - 6 scrolls of identify {unknown}
 g - 2 scrolls of vulnerability {unknown}
 j - 2 scrolls of teleportation {unknown}
 k - a scroll of immolation {unknown}
Potions
 c - 2 potions of mutation {unknown}
 f - a potion of brilliance {unknown}


   Skills:
 - Level 1.7 Dodging
 - Level 1.9 Stealth
 - Level 2.0 Spellcasting
 * Level 2.1 Transmutations
 * Level 4.2 Poison Magic


You couldn't memorise any spells.
You knew the following spells:

 Your Spells              Type           Power      Damage    Failure   Level
a - Sting                 Tmut/Pois      48%        1d5       5%          1
b - Poisonous Vapours     Pois/Air       16%        N/A       12%         2
c - Mephitic Cloud        Conj/Pois/Air  6%         N/A       32%         3

Your spell library contained the following spells:

 Spells                   Type           Power      Damage    Failure   Level
 Olgreb's Toxic Radiance  Pois           16%        N/A       34%         4


Dungeon Overview and Level Annotations

Branches:
Dungeon (3/15)

Altars:

Annotations:
D:3 Ijyb


Innate Abilities, Weirdness & Mutations

You have a pair of small horns on your head.
You have sharp toenails.


Message History

Aim: a ball python (asleep, 100% to hit)
The sting hits the ball python.
The ball python is poisoned.
The ball python is severely wounded.
The ball python hisses angrily.
You kill the ball python!
Ijyb the Twisted Goblin comes into view.
She is wielding a +4 spectral club, wearing a +0 chain mail of positive energy and carrying a wand of iceblast (10).
You see here a ring of poison resistance.
l - a ring of poison resistance
Casting: Sting (safe; 5% risk of failure)
Confirm with . or Enter, or press ? or * to list all spells.
Aiming: Poisonous Vapours (safe; 12% risk of failure)
Press: ? - help, Dir - move target, f - Ijyb
Aim: Ijyb, wielding a +4 spectral club, wearing a +0 chain mail of positive energy and carrying a wand of iceblast (10) (asleep) Poisonous vapours surround Ijyb!
Ijyb is poisoned.
Ijyb shouts!
You start resting.
Ijyb is nearby!
Casting: Poisonous Vapours (safe; 12% risk of failure)
Confirm with . or Enter, or press ? or * to list all spells.
Aiming: Poisonous Vapours (safe; 12% risk of failure)
Press: ? - help, Dir - move target, f/p - Ijyb
Aim: Ijyb, wielding a +4 spectral club, wearing a +0 chain mail of positive energy and carrying a wand of iceblast (10) (moderately wounded) Poisonous vapours surround Ijyb!
Ijyb is poisoned.
Ijyb zaps a wand.
The mass of ice explodes!
The iceblast engulfs you!
Casting: Poisonous Vapours (safe; 12% risk of failure)
Confirm with . or Enter, or press ? or * to list all spells.
The spell is extremely dangerous to cast (32% risk of failure)!
Continue anyway?
Okay, then.
Casting: Mephitic Cloud (extremely dangerous; 32% risk of failure)
Confirm with . or Enter, or press ? or * to list all spells.
Aiming: Poisonous Vapours (safe; 12% risk of failure)
Press: ? - help, Dir - move target, f/p - Ijyb
Aim: Ijyb, wielding a +4 spectral club, wearing a +0 chain mail of positive energy and carrying a wand of iceblast (9) (moderately wounded, poisoned) Poisonous vapours surround Ijyb!
Ijyb looks even sicker.
Ijyb zaps a wand.
The mass of ice explodes!
The iceblast engulfs you!
Ouch! That really hurt!
* * * LOW HITPOINT WARNING * * *
Found 15 poisoned darts.
Ijyb zaps a wand.
The mass of ice explodes!
The iceblast engulfs you!
You die...

########### ## #.@.....g.# .#
#.#######.# .# #( #.# .# #.
#####.### ## .#
#.###.......######. .#
#.........#....g...
.##################.##########...
.......##........##.# ##..
####.......#####.##.# ##.


You could see Ijyb.

Vanquished Creatures
  An adder (D:2)
  2 worms (D:2)
  3 dart slugs
  3 endoplasms
  2 giant cockroaches
  5 goblins (D:2)
  4 hobgoblins
  2 jackals (D:3)
  5 quokkas
  3 ball pythons
  4 bats
  2 frilled lizards (D:1)
  6 rats
42 creatures vanquished.

Notes
Turn   | Place    | Note
-------+----------+-------------------------------------------
     0 | D:1      | kipponium the Demonspawn Venom Mage began the quest for the
                  | Orb.
     0 | D:1      | Reached XP level 1. HP: 13/13 MP: 3/3
   168 | D:1      | Reached skill level 1 in Transmutations
   296 | D:1      | Gained mutation: You have sharp toenails. [demonic
                  | ancestry]
   296 | D:1      | Reached XP level 2. HP: 19/19 MP: 1/5
   385 | D:1      | Learned a level 2 spell: Poisonous Vapours
   845 | D:1      | Found a faded altar of an unknown god.
  1169 | D:2      | Gained mutation: You have a pair of small horns on your
                  | head. [demonic ancestry]
  1169 | D:2      | Reached XP level 3. HP: 24/24 MP: 3/6
  1266 | D:2      | Reached skill level 4 in Poison Magic
  1555 | D:2      | Learned a level 3 spell: Mephitic Cloud
  2247 | D:3      | Noticed Ijyb
  2275 | D:3      | Killed from afar by Ijyb

Illustrated notes

Levels and vault maps discovered:
D:1:      sevenhm_arrival_forest_fort_large_4, layout_basic,
          hellmonk_ecumenical_altar_leap_of_faith
D:2:      layout_rooms, minmay_misc_feat_pillars, chequers_avenue
D:3:      layout_loops_corners, overflow_temple_1_default, st_stairs_9,
          minmay_misc_feat_plants, minmay_misc_feat_diagonals, nrook_uturn,
          uniq_ijyb

Skill      XL: |  1  2  3 |
---------------+----------+-----
Transmutations | 1 2 |  2.1
Poison Magic   | 4 |  4.2
Dodging        | |  1.7
Stealth        | |  1.9
Spellcasting   | |  2.0

Action                   || total
-------------------------++-------
Melee: Unarmed           ||     3
       Kick              ||     1
       Dagger            ||    20
       Headbutt          ||     3
 Cast: Sting             ||    56
       Poisonous Vapours ||     5
Armor: Robe              ||     8
Dodge: Dodged            ||    20

Table legend: (Time is in decaauts)
 A = Elapsed time spent in this place.
 B = Non-inter-level travel time spent in this place.
 C = Inter-level travel time spent in this place.
 D = Time resting spent in this place.
 E = Time spent auto-exploring this place.
 F = Levels seen in this place.
 G = Mean time per level.
                   A        B        C        D        E       F      G
               +--------+--------+--------+--------+--------+-----+--------+
         Total |   2275 |   2140 |    135 |    438 |   1265 |   3 |  758.3 |
       Dungeon |   2275 |   2140 |    135 |    438 |   1265 |   3 |  758.3 |
               +--------+--------+--------+--------+--------+-----+--------+

Top non-repeatable levels by time:
     D:1: 1055 daAuts
     D:2: 858 daAuts
     D:3: 361 daAuts
